| TOP OF THE 1ST |
|
Cleveland Guardians batting - Pitching for Chicago Cubs : LHP Unkei Wakamatsu
|
|
Pitching: LHP Unkei Wakamatsu
|
|
|
Batting: LHB John Harring
|
0-0: Called Strike 0-1: Ball 1-1: Foul Ball, location: 2F 1-2: Ball 2-2: Ground out 5-3 (Groundball, 56S, EV 94.4 MPH)
|
|
Batting: RHB Jasper Burd
|
0-0: Foul Ball, location: 2F 0-1: Ball 1-1: Ball 2-1: DOUBLE (Line Drive, 3D, EV 98.8 MPH)
|
|
Batting: RHB Nick Ogle
|
Balk! Jasper Burd to third 0-0: Ground out 4-3 (Groundball, 6, EV 85.6 MPH) Jasper Burd scores
|
|
Batting: RHB David Casas
|
0-0: Ball 1-0: Ball 2-0: Fly out, F8 (Flyball, 8LS, EV 78.1 MPH)
|
| Top of the 1st over - 1 run, 1 hit, 0 errors, 0 left on base; Cleveland 1 - Chicago 0 |
| BOTTOM OF THE 1ST |
|
Chicago Cubs batting - Pitching for Cleveland Guardians : RHP Risto Pandev
|
|
Pitching: RHP Risto Pandev
|
|
|
Batting: RHB Josh Kalman
|
0-0: Called Strike 0-1: Ball 1-1: Called Strike 1-2: Foul Ball, location: 2F 1-2: SINGLE (Groundball, 4S, EV 70.0 MPH) (infield hit)
|
|
Batting: RHB Steve Bartman Jr.
|
0-0: Foul Ball, location: 2F 0-1: Foul Ball, location: 2F 0-2: Foul Ball, location: 2F 0-2: Ball 1-2: Fly out, F5 (Line Drive, 56, EV 71.2 MPH)
|
|
Batting: LHB Kevin Norton
|
0-0: Ball 1-0: Called Strike 1-1: Called Strike 1-2: Strikes out swinging
|
|
Batting: RHB Xavier Davis
|
0-0: Called Strike 0-1: Foul Ball, location: 2F 0-2: Ball 1-2: Foul Ball, location: 2F 1-2: Strikes out swinging
|
| Bottom of the 1st over - 0 runs, 1 hit, 0 errors, 1 left on base; Cleveland 1 - Chicago 0 |
| TOP OF THE 2ND |
|
Cleveland Guardians batting - Pitching for Chicago Cubs : LHP Unkei Wakamatsu
|
|
Batting: RHB Henri Cederberg
|
0-0: DOUBLE (Line Drive, 9LM, EV 106.9 MPH)
|
|
Batting: RHB Christian Blue
|
0-0: Called Strike 0-1: Foul Ball, location: 2F 0-2: Foul Ball, location: 2F 0-2: Foul Ball, location: 2F 0-2: Ball 1-2: Strikes out swinging
|
|
Batting: LHB Corey Trevor
|
0-0: Foul Ball, location: 2F 0-1: Ball 1-1: Called Strike 1-2: Fly out, F8 (Flyball, 8RM, EV 81.2 MPH)
|
|
Batting: RHB Nick Sharp
|
0-0: Called Strike 0-1: Ground out 6-3 (Groundball, 56, EV 90.0 MPH)
|
| Top of the 2nd over - 0 runs, 1 hit, 0 errors, 1 left on base; Cleveland 1 - Chicago 0 |
| BOTTOM OF THE 2ND |
|
Chicago Cubs batting - Pitching for Cleveland Guardians : RHP Risto Pandev
|
|
Batting: SHB Moe Lester
|
0-0: Fly out, F7 (Flyball, 7LD, EV 95.0 MPH)
|
|
Batting: LHB Jon Schick
|
0-0: Ball 1-0: Ball 2-0: Ball 3-0: Called Strike 3-1: Base on Balls
|
|
Batting: SHB Gabriel Cruz
|
0-0: Called Strike Jon Schick is caught stealing 2nd base 2-6 0-1: Foul Ball, location: 2F 0-2: Ball 1-2: Ball 2-2: Strikes out swinging
|
| Bottom of the 2nd over - 0 runs, 0 hits, 0 errors, 0 left on base; Cleveland 1 - Chicago 0 |
| TOP OF THE 3RD |
|
Cleveland Guardians batting - Pitching for Chicago Cubs : LHP Unkei Wakamatsu
|
|
Batting: RHB Aaron Matthews
|
0-0: Called Strike 0-1: Foul Ball, location: 2F 0-2: Strikes out swinging
|
|
Batting: LHB John Harring
|
0-0: SINGLE (Line Drive, 7S, EV 104.4 MPH)
|
|
Batting: RHB Jasper Burd
|
0-0: Foul Ball, location: 2F 0-1: Ball 1-1: Ball 2-1: Swinging Strike 2-2: Ball John Harring is caught stealing 2nd base 2-4 3-2: Base on Balls
|
|
Batting: RHB Nick Ogle
|
0-0: Ball Jasper Burd is caught stealing 2nd base 2-4
|
| Top of the 3rd over - 0 runs, 1 hit, 0 errors, 0 left on base; Cleveland 1 - Chicago 0 |
| BOTTOM OF THE 3RD |
|
Chicago Cubs batting - Pitching for Cleveland Guardians : RHP Risto Pandev
|
|
Batting: RHB Jose Balderrama
|
0-0: Ball 1-0: Ball 2-0: Ball 3-0: SINGLE (Line Drive, 6D, EV 101.9 MPH)
|
|
Batting: SHB Zory Larikov
|
0-0: Ball 1-0: Ball 2-0: Fielders Choice at 2nd, 3-6 (Groundball, 3, EV 104.4 MPH)
|
|
Batting: RHB Josh Kalman
|
0-0: Ball 1-0: Swinging Strike 1-1: Foul Ball, location: 2F 1-2: Grounds into double play, 1-4-3 (Groundball, 15S, EV 63.1 MPH)
|
| Bottom of the 3rd over - 0 runs, 1 hit, 0 errors, 0 left on base; Cleveland 1 - Chicago 0 |
| TOP OF THE 4TH |
|
Cleveland Guardians batting - Pitching for Chicago Cubs : LHP Unkei Wakamatsu
|
|
Batting: RHB Nick Ogle
|
0-0: Foul Ball, location: 2F 0-1: Called Strike 0-2: Ball 1-2: Ball 2-2: Foul Ball, location: 2F 2-2: Ball 3-2: Foul Ball, location: 2F 3-2: Fly out, F9 (Flyball, 89S, EV 76.2 MPH)
|
|
Batting: RHB David Casas
|
0-0: Swinging Strike 0-1: Foul Ball, location: 2F 0-2: Strikes out swinging
|
|
Batting: RHB Henri Cederberg
|
0-0: Called Strike 0-1: Called Strike 0-2: Foul Ball, location: 2F 0-2: Foul Ball, location: 2F 0-2: Ball 1-2: DOUBLE (Line Drive, 8RXD, EV 107.5 MPH)
|
|
Batting: RHB Christian Blue
|
0-0: Intentional Walk
|
|
Batting: LHB Corey Trevor
|
0-0: Swinging Strike 0-1: Ball 1-1: Ball 2-1: DOUBLE (Groundball, 3L, EV 98.1 MPH) Henri Cederberg scores Christian Blue to third Runner from 3rd tries for Home, throw by RF and OUT! 9-2
|
| Top of the 4th over - 1 run, 2 hits, 0 errors, 1 left on base; Cleveland 2 - Chicago 0 |
| BOTTOM OF THE 4TH |
|
Chicago Cubs batting - Pitching for Cleveland Guardians : RHP Risto Pandev
|
|
Batting: RHB Steve Bartman Jr.
|
0-0: Foul Ball, location: 2F 0-1: Called Strike 0-2: Ball 1-2: Ball 2-2: Foul Ball, location: 2F 2-2: Ball 3-2: Foul Ball, location: 2F 3-2: Base on Balls
|
|
Batting: LHB Kevin Norton
|
0-0: Foul Ball, location: 2F 0-1: Ball 1-1: Ball 2-1: Swinging Strike 2-2: Ball 3-2: Foul Ball, location: 2F 3-2: Fly out, F9 (Flyball, 9LM, EV 100.0 MPH)
|
|
Batting: RHB Xavier Davis
|
0-0: Ball 1-0: Grounds into double play, 5-4-3 (Groundball, 56, EV 100.6 MPH)
|
| Bottom of the 4th over - 0 runs, 0 hits, 0 errors, 0 left on base; Cleveland 2 - Chicago 0 |
| TOP OF THE 5TH |
|
Cleveland Guardians batting - Pitching for Chicago Cubs : LHP Unkei Wakamatsu
|
|
Batting: RHB Nick Sharp
|
0-0: Ball 1-0: Ball 2-0: Foul Ball, location: 2F 2-1: Called Strike 2-2: Ground out U3 (Groundball, 3S, EV 88.8 MPH)
|
|
Batting: RHB Aaron Matthews
|
0-0: Ball 1-0: Ground out 5-3 (Groundball, 5, EV 91.2 MPH)
|
|
Batting: LHB John Harring
|
0-0: Called Strike 0-1: Ball 1-1: Ball 2-1: Ball 3-1: Swinging Strike 3-2: Fly out, F8 (Flyball, 8LD, EV 105.6 MPH)
|
| Top of the 5th over - 0 runs, 0 hits, 0 errors, 0 left on base; Cleveland 2 - Chicago 0 |
| BOTTOM OF THE 5TH |
|
Chicago Cubs batting - Pitching for Cleveland Guardians : RHP Risto Pandev
|
|
Batting: SHB Moe Lester
|
0-0: Swinging Strike 0-1: Ball 1-1: Swinging Strike 1-2: Ball 2-2: Ball 3-2: Strikes out looking
|
|
Batting: LHB Jon Schick
|
0-0: Ball 1-0: Ball 2-0: Ball 3-0: Called Strike 3-1: Base on Balls
|
|
Batting: SHB Gabriel Cruz
|
0-0: Called Strike 0-1: Ball 1-1: Foul Ball, location: 2F 1-2: DOUBLE (Flyball, 8RXD, EV 110.6 MPH) Jon Schick to third Runner from 3rd tries for Home, SAFE, throw by CF to home
|
|
Batting: RHB Jose Balderrama
|
0-0: Swinging Strike 0-1: Ground out 6-3 (Groundball, 6S, EV 70.0 MPH) Gabriel Cruz to third
|
|
Batting: SHB Zory Larikov
|
0-0: Called Strike 0-1: Called Strike 0-2: Ball 1-2: SINGLE (Groundball, 5S, EV 66.9 MPH) (infield hit) Gabriel Cruz scores
|
|
Batting: RHB Josh Kalman
|
0-0: Ball 1-0: SINGLE (Groundball, 3D, EV 96.2 MPH) Zory Larikov to second Runner from 2nd tries for 3rd, SAFE, throw by RF made to third
|
|
Batting: RHB Steve Bartman Jr.
|
0-0: Fly out, F8 (Flyball, 8LM, EV 95.6 MPH)
|
| Bottom of the 5th over - 2 runs, 3 hits, 0 errors, 2 left on base; Cleveland 2 - Chicago 2 |
| TOP OF THE 6TH |
|
Cleveland Guardians batting - Pitching for Chicago Cubs : LHP Unkei Wakamatsu
|
|
Batting: RHB Jasper Burd
|
0-0: Called Strike 0-1: Foul Ball, location: 2F 0-2: Ball 1-2: Foul Ball, location: 2F 1-2: Ball 2-2: Hit by Pitch
|
|
Batting: RHB Nick Ogle
|
0-0: Foul Ball, location: 2F 0-1: Ball 1-1: Foul Ball, location: 2F 1-2: Fly out, F3 (Popup, 3SF, EV 75.6 MPH)
|
|
Batting: RHB David Casas
|
0-0: Foul Ball, location: 2F 0-1: Swinging Strike Jasper Burd is caught stealing 2nd base 2-4 0-2: Foul Ball, location: 2F 0-2: Foul Ball, location: 2F 0-2: Strikes out swinging
|
| Top of the 6th over - 0 runs, 0 hits, 0 errors, 0 left on base; Cleveland 2 - Chicago 2 |
| BOTTOM OF THE 6TH |
|
Chicago Cubs batting - Pitching for Cleveland Guardians : RHP Risto Pandev
|
|
Batting: LHB Kevin Norton
|
0-0: Called Strike 0-1: Ball 1-1: Ball 2-1: Foul Ball, location: 2F 2-2: Strikes out looking
|
|
Batting: RHB Xavier Davis
|
0-0: Foul Ball, location: 2F 0-1: Ball 1-1: Called Strike 1-2: Strikes out swinging
|
|
Batting: SHB Moe Lester
|
0-0: Called Strike 0-1: Ball 1-1: SINGLE (Groundball, 34D, EV 99.4 MPH)
|
|
Batting: LHB Jon Schick
|
0-0: Called Strike 0-1: Called Strike 0-2: Foul Ball, location: 2F 0-2: SINGLE (Groundball, 3D, EV 96.2 MPH) Moe Lester to second Runner from 2nd tries for 3rd, SAFE, throw by RF made at trailing runner, OUT! 9-6
|
| Bottom of the 6th over - 0 runs, 2 hits, 0 errors, 1 left on base; Cleveland 2 - Chicago 2 |
| TOP OF THE 7TH |
|
Cleveland Guardians batting - Pitching for Chicago Cubs : LHP Unkei Wakamatsu
|
|
Batting: RHB Henri Cederberg
|
0-0: Called Strike 0-1: Called Strike 0-2: Ball 1-2: Strikes out swinging, 2-3 out at first.
|
|
Batting: RHB Christian Blue
|
0-0: Foul Ball, location: 2F 0-1: Ball 1-1: Ball 2-1: Foul Ball, location: 2F 2-2: Strikes out swinging
|
|
Batting: LHB Corey Trevor
|
0-0: SINGLE (Groundball, 56D, EV 105.6 MPH)
|
|
Batting: RHB Nick Sharp
|
0-0: Ball 1-0: Called Strike Corey Trevor is caught stealing 2nd base 2-4
|
| Top of the 7th over - 0 runs, 1 hit, 0 errors, 0 left on base; Cleveland 2 - Chicago 2 |
| BOTTOM OF THE 7TH |
|
Chicago Cubs batting - Pitching for Cleveland Guardians : RHP Risto Pandev
|
|
Batting: SHB Gabriel Cruz
|
0-0: Foul Ball, location: 2F 0-1: Ball 1-1: Ball 2-1: Called Strike 2-2: DOUBLE (Line Drive, 7LS, EV 89.4 MPH)
|
|
Pitching: RHP Ben Sheets
|
|
|
Batting: SHB Tze-meng Gan
|
0-0: Called Strike 0-1: Swinging Strike 0-2: Foul Ball, location: 2F 0-2: Strikes out swinging
|
|
Batting: SHB Zory Larikov
|
0-0: Ball 1-0: Called Strike 1-1: Ball 2-1: Foul Ball, location: 2F 2-2: SINGLE (Groundball, 4D, EV 95.6 MPH) Gabriel Cruz to third Runner from 3rd tries for Home, SAFE, throw by RF to home
|
|
Batting: RHB Josh Kalman
|
0-0: Called Strike 0-1: Fly out, F9 (Flyball, 89XD, EV 85.6 MPH)
|
|
Batting: RHB Steve Bartman Jr.
|
0-0: Called Strike 0-1: Foul Ball, location: 2F 0-2: Fly out, F8 (Flyball, 8RD, EV 97.5 MPH)
|
| Bottom of the 7th over - 1 run, 2 hits, 0 errors, 1 left on base; Cleveland 2 - Chicago 3 |
| TOP OF THE 8TH |
|
Cleveland Guardians batting - Pitching for Chicago Cubs : LHP Unkei Wakamatsu
|
|
Batting: RHB Nick Sharp
|
0-0: Ball 1-0: Ball 2-0: Called Strike 2-1: Ball 3-1: Foul Ball, location: 2F 3-2: Fly out, F8 (Flyball, 8RM, EV 89.4 MPH)
|
|
Batting: RHB Aaron Matthews
|
0-0: Swinging Strike 0-1: Foul Ball, location: 2F 0-2: Strikes out swinging
|
|
Batting: LHB John Harring
|
0-0: Ball 1-0: Swinging Strike 1-1: Ball 2-1: Foul Ball, location: 2F 2-2: Ground out 5-3 (Groundball, 5, EV 103.8 MPH)
|
| Top of the 8th over - 0 runs, 0 hits, 0 errors, 0 left on base; Cleveland 2 - Chicago 3 |
| BOTTOM OF THE 8TH |
|
Chicago Cubs batting - Pitching for Cleveland Guardians : RHP Ben Sheets
|
|
Pitching: LHP Katsumi Omura
|
|
|
Batting: LHB Kevin Norton
|
0-0: Swinging Strike 0-1: Foul Ball, location: 2F 0-2: Strikes out looking
|
|
Batting: RHB Xavier Davis
|
0-0: Called Strike 0-1: Ball 1-1: Ground out 5-3 (Groundball, 56S, EV 86.9 MPH)
|
|
Batting: SHB Moe Lester
|
0-0: Ball 1-0: Foul Ball, location: 2F 1-1: Ground out 5-3 (Groundball, 56S, EV 89.4 MPH)
|
| Bottom of the 8th over - 0 runs, 0 hits, 0 errors, 0 left on base; Cleveland 2 - Chicago 3 |
| TOP OF THE 9TH |
|
Cleveland Guardians batting - Pitching for Chicago Cubs : LHP Unkei Wakamatsu
|
|
Pitching: RHP Chris Kroesen
|
|
|
Batting: RHB Jasper Burd
|
0-0: Ball 1-0: Foul Ball, location: 2F 1-1: Ball 2-1: Ball 3-1: Base on Balls
|
|
Batting: RHB Nick Ogle
|
0-0: Foul Ball, location: 2F 0-1: Foul Ball, location: 2F 0-2: Ball 1-2: Foul Ball, location: 2F 1-2: Ball 2-2: SINGLE (Groundball, 5D, EV 105.6 MPH) Jasper Burd to second
|
|
Batting: RHB David Casas
|
0-0: Ball 1-0: Swinging Strike 1-1: Ball 2-1: Ball 3-1: Foul Ball, location: 2F 3-2: Strikes out looking
|
|
Pinch Hitting: LHB Hector Pedroso
|
0-0: Ball 1-0: Fly out, F8 (Flyball, 8RM, EV 90.6 MPH)
|
|
Pinch Hitting: LHB Danny Dunham
|
0-0: Called Strike 0-1: Ball 1-1: Ball 2-1: Foul Ball, location: 2F 2-2: Fly out, F9 (Flyball, 89M, EV 97.5 MPH)
|
| Top of the 9th over - 0 runs, 1 hit, 0 errors, 2 left on base; Cleveland 2 - Chicago 3 |
|